 Dungeon Crawl Stone Soup version 0.31-a0-198-g2ad674f65e (webtiles) character file.

Game seed: 11063196714517444985

279 qw the Skirmisher (level 6, -10/35 HPs)
             Began as a Deep Elf Hunter on June 25, 2023.
             Killed by divine providence
             ... invoked by an orc priest
              (13 damage)
             ... on level 3 of the Dungeon.
             The game lasted 00:00:52 (2045 turns).

qw the Skirmisher (Deep Elf Hunter)                 Turns: 2045, Time: 00:00:52

Health: -10/35     AC:  3    Str: 10    XL:     6   Next: 5%
Magic:  8/8        EV: 12    Int: 14    God:
Gold:   159        SH:  0    Dex: 18    Spells: 5/5 levels left

rFire   . . .        Y - +0 shortbow
rCold   . . .        (shield currently unavailable)
rNeg    . . .        c - +0 leather armour
rPois   .            (no helmet)
rElec   .            (no cloak)
rCorr   .            (no gloves)
SInv    .            (no boots)
Will    .....        e - amulet of the acrobat
Stlth   ++           (no ring)
HPRegen 0.25/turn    (no ring)
MPRegen 0.11/turn

%: acrobat
@: no status effects
A: no striking features
a: no special abilities


You were on level 3 of the Dungeon.
You visited 1 branch of the dungeon, and saw 3 of its levels.

You collected 159 gold pieces.


   Skills:
 - Level 2.0 Fighting
 + Level 9.2 Ranged Weapons
 - Level 3.0 Dodging
 - Level 1.2 Stealth


You had 5 spell levels left.
You didn't know any spells.
Your spell library was empty.

Inventory:

Hand Weapons
 Y - a +0 shortbow (weapon)
Armour
 b - a +0 cloak
 c - a +0 leather armour (worn)
Jewellery
 e - an amulet of the acrobat (around neck)
Scrolls
 d - a scroll of identify
Potions
 a - a potion of might
 h - a potion of mutation
 j - a potion of attraction {unknown}
 k - a potion of curing {unknown}
 l - a potion of heal wounds {unknown}

Dungeon Overview and Level Annotations

Branches:
Dungeon (3/15)

Altars:


Message History

The orc wizard points at you and mumbles some strange words.
You resist with some effort.
You shoot an arrow. The arrow hits the orc wizard.
The orc wizard is moderately wounded.
You shoot an arrow.
The arrow hits the orc wizard but does no damage.
The orc wizard is moderately wounded.
The orc priest calls down the wrath of Beogh upon you.
Beogh smites you!
You shoot an arrow. The arrow barely misses the orc wizard.
The orc wizard hits you but does no damage.
You shoot an arrow. The arrow hits the orc wizard.
The orc wizard is severely wounded.
The orc priest hits you with a +0 dagger.
The orc wizard barely misses you.
You shoot an arrow.
The arrow hits the orc wizard but does no damage.
The orc wizard is severely wounded.
The orc priest mumbles some strange prayers to Beogh against you.
Pain shoots through your body!
The orc wizard points at you and mumbles some strange words.
You are confused.
The orc priest hits you but does no damage.
The orc wizard completely misses you. The orc priest closely misses you.
The orc wizard completely misses you.
The orc priest hits you but does no damage.
The orc wizard hits you with a +0 dagger.
The orc priest completely misses you. The orc wizard misses you.
The orc priest closely misses you. The orc wizard barely misses you.
You feel less confused. The orc priest misses you.
The orc wizard closely misses you.
You shoot an arrow. The arrow hits the orc wizard.
The orc wizard is heavily wounded.
The orc priest hits you with a +0 dagger.
The orc wizard hits you with a +0 dagger.
You shoot an arrow. The arrow hits the orc wizard!
You kill the orc wizard!
The orc priest calls down the wrath of Beogh upon you.
Beogh smites you!
You die...

.............#
####.........#
#.........#
#.############# #..##
#...# ####...#######.#.#
...............#.#
####......######.####.#.
#####.#./......o@.%....?
..[#####......##)###..##
#####.#.......##.##.. #
####...........#....
...........).....#
.................#####
#.#...................
####..#.........#####
...#####.#>..#.##... #


You could see an orc priest.

Vanquished Creatures
  Sigmund (D:2)
  2 orc wizards (D:3)
  4 adders (D:3)
  A dart slug (D:2)
  4 orcs
  3 endoplasms
  2 giant cockroaches (D:3)
  3 goblins
  8 hobgoblins
  6 jackals
  4 kobolds
  A quokka (D:2)
  2 ball pythons (D:1)
  3 bats
  8 frilled lizards
  5 rats
57 creatures vanquished.

Notes
Turn   | Place    | Note
-------+----------+-------------------------------------------
     0 | D:1      | qw the Deep Elf Hunter began the quest for the Orb.
     0 | D:1      | Reached XP level 1. HP: 12/12 MP: 3/3
     0 | D:1      | 0 ||| qw: Version: 0.3-a-22-g0ed2b0b
     0 | D:1      | 0 ||| qw: Game counter: 5343
     0 | D:1      | 0 ||| qw: Melee chars always use a shield: true
     0 | D:1      | 0 ||| qw: God list: Okawaru
     0 | D:1      | 0 ||| qw: Allow faded altars: false
     0 | D:1      | 0 ||| qw: Do Orc after clearing Dungeon:15 true
     0 | D:1      | 0 ||| qw: Do second Lair branch before Depths: true
     0 | D:1      | 0 ||| qw: Lair rune preference: random
     0 | D:1      | 0 ||| qw: Goals: Normal
     0 | D:1      | 0 ||| PLANNING D:1-11
   174 | D:1      | Reached XP level 2. HP: 16/16 MP: 4/4
   182 | D:1      | Reached skill level 6 in Ranged Weapons
   192 | D:1      | 192 ||| FLEEEEING.
   193 | D:1      | 193 ||| FLEEEEING.
   194 | D:1      | 194 ||| FLEEEEING.
   619 | D:1      | 619 ||| UPGRADING to amulet of the acrobat.
   624 | D:1      | 624 ||| READING 4 scrolls labelled TOASOQOPES.
   625 | D:1      | 625 ||| READING scroll labelled WITI TINIYHERO.
   626 | D:1      | 626 ||| READING scroll labelled RAUGAR YNNE.
   630 | D:1      | 630 ||| READING scroll labelled JEYLEF XIOGIL.
   631 | D:1      | 631 ||| READING scroll labelled JOBRUTHR VIONUDAA.
   632 | D:1      | 632 ||| DROPPING 3 scrolls of revelation.
   633 | D:1      | 633 ||| DROPPING scroll of butterflies.
   704 | D:2      | Reached XP level 3. HP: 20/20 MP: 5/5
   709 | D:2      | Noticed Sigmund
   716 | D:2      | 716 ||| FLEEEEING.
   717 | D:2      | 717 ||| FLEEEEING.
   718 | D:2      | 718 ||| FLEEEEING.
   719 | D:2      | 719 ||| FLEEEEING.
   720 | D:2      | 720 ||| FLEEEEING.
   721 | D:2      | 721 ||| FLEEEEING.
   722 | D:2      | 722 ||| FLEEEEING.
   723 | D:2      | 723 ||| FLEEEEING.
   724 | D:2      | 724 ||| FLEEEEING.
   725 | D:2      | 725 ||| FLEEEEING.
   727 | D:2      | HP: 5/20 [something (12)]
   729 | D:2      | 729 ||| FLEEEEING.
   730 | D:2      | 730 ||| FLEEEEING.
   731 | D:2      | 731 ||| FLEEEEING.
   732 | D:2      | 732 ||| FLEEEEING.
   733 | D:2      | 733 ||| FLEEEEING.
   734 | D:2      | 734 ||| FLEEEEING.
   735 | D:2      | 735 ||| STAIRDANCE
   735 | D:2      | HP: 1/20 [something (6)]
   817 | D:1      | 817 ||| DRINKING 2 dark potions.
   843 | D:2      | Killed Sigmund
   844 | D:2      | Reached skill level 8 in Ranged Weapons
   844 | D:2      | Reached XP level 4. HP: 18/25 MP: 6/6
   844 | D:2      | Reached XP level 5. HP: 21/29 MP: 7/7
   929 | D:2      | Reached skill level 9 in Ranged Weapons
   970 | D:2      | Identified the +1 buckler of Elyvilon's Esteem {rF+}
  1221 | D:2      | 1221 ||| READING scroll labelled XOELEG GISUDU.
  1222 | D:2      | 1222 ||| READING 2 scrolls of identify.
  1222 | D:2      | 1222 ||| IDENTIFYING glowing amethyst potion
  1552 | D:3      | Reached skill level 3 in Dodging
  1711 | D:3      | 1711 ||| Stepping ~*~*~tactically~*~*~ (outnumbered).
  1713 | D:3      | 1713 ||| FLEEEEING.
  1720 | D:3      | 1720 ||| FLEEEEING.
  1721 | D:3      | 1721 ||| FLEEEEING.
  1722 | D:3      | 1722 ||| FLEEEEING.
  1725 | D:3      | 1725 ||| FLEEEEING.
  1727 | D:3      | 1727 ||| FLEEEEING.
  1836 | D:3      | Reached XP level 6. HP: 33/35 MP: 8/8
  2044 | D:3      | HP: 5/35 [orc priest/+0 dagger (5)]
  2045 | D:3      | Killed from afar by an orc priest

Levels and vault maps discovered:
D:1:      amcnicky_arrival_wind_blow, layout_basic
D:2:      layout_basic, uniq_sigmund
D:3:      layout_basic, chequers_serial_rivers_micro_d, nicolae_half_adder

Skill      XL: |  1  2  3  4  5 |
---------------+----------------+-----
Ranged Weapons | 6 8 9 |  9.2
Dodging        | 3 |  3.0
Fighting       | 2 |  2.0
Stealth        | |  1.2

Action                     |  1- 3 |  4- 6 || total
---------------------------+-------+-------++-------
   Fire: Shortbow          |    68 |    91 ||   159
    Use: Scroll            |     5 |     2 ||     7
         Potion            |     1 |       ||     1
 Armour: Leather armour    |     1 |     9 ||    10
  Dodge: Dodged            |     6 |    24 ||    30

Table legend:
 A = Non-vault XP
 B = Vault XP
 C = Vault XP percentage of total XP
 D = Non-vault monster count
 E = Vault monster count
 F = Vault count percentage of total count
                 A         B        C        D         E       F
            +---------+---------+-------+---------+---------+-------
      Total |     159 |     275 |  63.4 |      52 |       5 |   8.8
            +---------+---------+-------+---------+---------+-------
        D:1 |      30 |       0 |   0.0 |      19 |       0 |   0.0
        D:2 |      28 |     223 |  88.8 |      15 |       1 |   6.2
        D:3 |     101 |      52 |  34.0 |      18 |       4 |  18.2
            +---------+---------+-------+---------+---------+-------
